 Dungeon Crawl Stone Soup version 0.25.1-2-g60ff931df9 (webtiles) character file.

Game seed: 2685716996653362747

55 Acheron the Charlatan (level 4, -1/25 HPs)
             Began as a Kobold Artificer on Aug 26, 2020.
             Slain by a centaur (8 damage)
             ... on level 5 of the Dungeon.
             The game lasted 00:06:22 (2010 turns).

Acheron the Charlatan (Kobold Artificer)            Turns: 2010, Time: 00:06:23

Health: -1/25      AC:  3    Str: 10    XL:     4   Next: 14%
Magic:  7/7        EV: 15    Int: 12    God:
Gold:   112        SH:  0    Dex: 15    Spells: 3/3 levels left

rFire    . . .     SeeInvis .   a - +0 short sword
rCold    . . .     Gourm    .   (shield restricted)
rNeg     . . .     Faith    .   b - +0 leather armour
rPois    .         Spirit   .   (no helmet)
rElec    .         Reflect  .   (no cloak)
rCorr    .         Harm     .   (no gloves)
MR       .....                  (no boots)
Stlth    ++........             (no amulet)
HPRegen  0.08/turn              (no ring)
MPRegen  0.10/turn              (no ring)

@: no status effects
A: small, carnivore
a: no special abilities


You were on level 5 of the Dungeon.
You were completely stuffed.

You visited 1 branch of the dungeon, and saw 5 of its levels.

You collected 112 gold pieces.

Inventory:

Hand Weapons
 a - a +0 short sword (weapon)
 p - a +0 dagger of speed
Missiles
 g - 12 poisoned darts (quivered)
 j - 97 stones
Armour
 b - a +0 leather armour (worn)
Jewellery
 n - an uncursed ring of positive energy {unknown}
Wands
 c - a wand of flame (15)
 d - a wand of enslavement (14)
 e - a wand of random effects (15)
Scrolls
 h - a scroll of identify {unknown}
 k - 2 scrolls of teleportation {unknown}
 l - a scroll of amnesia {unknown}
Potions
 i - a potion of brilliance {unknown}
 o - a potion of might {unknown}
Comestibles
 f - 4 rations
 m - a chunk of flesh


   Skills:
 * Level 1.5 Fighting
 * Level 2.2 Short Blades
 * Level 0.8 Throwing
 * Level 0.7 Armour
 * Level 2.8 Dodging
 * Level 2.2 Stealth
 * Level 4.2 Evocations


You had 3 spell levels left.
You didn't know any spells.
Your spell library contained the following spells:

 Spells                   Type           Power        Failure   Level  Hunger
 Corona                   Hex            #......      41%         1    ##.....
 Magic Dart               Conj           #...         41%         1    ##.....
 Blink                    Tloc           N/A          56%         2    ###....
 Call Imp                 Summ           #.......     56%         2    ###....
 Ensorcelled Hibernation  Hex/Ice        #.....       56%         2    ###....
 Slow                     Hex            #.......     56%         2    ###....
 Confusing Touch          Hex            #.......     80%         3    ####...
 Conjure Flame            Conj/Fire      #.......     80%         3    ####...
 Dazzling Flash           Conj/Hex       #.....       80%         3    ####...
 Mephitic Cloud           Conj/Pois/Air  #.......     80%         3    ####...
 Tukima's Dance           Hex            #.......     80%         3    ####...


Dungeon Overview and Level Annotations

Branches:
Dungeon (5/15)
 Temple: D:4-7

Altars:
Qazlal

Shops:
D:4 *

Annotations:
D:3 Grinder


Innate Abilities, Weirdness & Mutations

You are small and have problems with some larger weapons.
You are carnivorous and can eat meat at any time.


Message History

Your hound dies!
The centaur unwields a +0 shortbow.
The centaur closely misses you.
You see here 3 arrows.
You hit the centaur but do no damage.
The centaur is moderately wounded.
The centaur hits you!
You hit the centaur.
The centaur is heavily wounded.
The centaur misses you. The centaur completely misses you.
You hit the centaur but do no damage.
The centaur is heavily wounded.
The centaur hits you but does no damage.
You hit the centaur.
The centaur is severely wounded.
The centaur closely misses you. The centaur hits you.
* * * LOW HITPOINT WARNING * * *
You hit the centaur.
The centaur is almost dead.
The centaur hits you!
You die...

#........# ...
#........#
.$..##........#
.......<......#
....##.......c#
. #......%.#
#........######
#........##(..#
#......(.##@#(#
#.....?...c.# #
#...#.###.####
#...#.....#
#......####
.o..##. ..


You could see a centaur.

Vanquished Creatures
  An adder (D:2)
  3 dart slugs
  A leopard gecko (D:1)
  4 giant cockroaches
  8 goblins
  6 hobgoblins
  4 bats (D:1)
  4 frilled lizards
  3 kobolds (D:1)
  3 rats
37 creatures vanquished.

Vanquished Creatures (others)
  A hound (D:5)
1 creature vanquished.

Grand Total: 38 creatures vanquished

Notes
Turn   | Place    | Note
-------+----------+-------------------------------------------
     0 | D:1      | Acheron the Kobold Artificer began the quest for the Orb.
     0 | D:1      | Reached XP level 1. HP: 12/12 MP: 3/3
   340 | D:1      | Reached skill level 4 in Evocations
   340 | D:1      | Reached XP level 2. HP: 6/16 MP: 5/5
  1012 | D:1      | Reached XP level 3. HP: 18/20 MP: 6/6
  1639 | D:2      | Found a stormy altar of Qazlal.
  1702 | D:2      | Reached XP level 4. HP: 12/25 MP: 7/7
  1954 | D:3      | Noticed Grinder
  1965 | D:4      | Found Lyest's General Store.
  1987 | D:5      | Entered Level 5 of the Dungeon
  1992 | D:5      | Noticed a centaur
  2010 | D:5      | Slain by a centaur

Illustrated notes

Levels and vault maps discovered:
D:1:      dpeg_arrival_boxorama, layout_basic
D:2:      layout_loops_cross, minmay_statues_item,
          nicolae_qazlal_general_emergency
D:3:      layout_rooms, uniq_grinder, uniq_ijyb, uniq_sigmund
D:4:      layout_rooms, vehumet_crystals, serial_shops, shop,
          nemelex_dance_club_becter, uniq_robin
D:5:      layout_rooms, lemuel_blue_sif_altar, first_ration

Skill      XL: |  1  2  3 |
---------------+----------+-----
Evocations     | 4 |  4.2
Stealth        | 2 |  2.2
Short Blades   | 2 |  2.2
Fighting       | |  1.5
Throwing       | |  0.8
Armour         | |  0.7
Dodging        | |  2.8

Action                   |  1- 3 |  4- 6 || total
-------------------------+-------+-------++-------
Melee: Short sword       |   178 |    19 ||   197
Throw: Dart              |       |     3 ||     3
Evoke: Wand              |       |     1 ||     1
  Use: Potion            |       |     2 ||     2
 Stab: Sleeping          |     3 |       ||     3
  Eat: Chunk             |    11 |     1 ||    12
Armor: Leather armour    |    43 |     8 ||    51
Dodge: Dodged            |   151 |    20 ||   171
